 Dungeon Crawl Stone Soup version 0.25.1-8-g42b30a86e7 (webtiles) character file.

Game seed: 15108129721364153055

463 Destapler the Stinger (level 7, 0/45 HPs)
             Began as a Halfling Venom Mage on Dec 14, 2020.
             Was a Follower of Dithmenos.
             Slain by a mummy (12 damage)
             ... in an ossuary.
             The game lasted 00:23:03 (5859 turns).

Destapler the Stinger (Halfling Venom Mage)         Turns: 5859, Time: 00:23:03

Health: 0/45       AC:  3    Str:  9    XL:     7   Next: 29%
Magic:  11/11      EV: 16    Int: 15    God:    Dithmenos [*.....]
Gold:   235        SH:  5    Dex: 15    Spells: 10/11 levels left

rFire    . . .     SeeInvis .   k - +0 dagger
rCold    . . .     Gourm    .   (shield restricted)
rNeg     . . .     Faith    .   a - +0 robe
rPois    +         Spirit   .   (no helmet)
rElec    .         Reflect  +   (no cloak)
rCorr    .         Harm     .   h - +0 pair of gloves
MR       .....                  (no boots)
Stlth    +++.......             r - amulet of reflection
HPRegen  0.15/turn              q - ring of poison resistance
MPRegen  0.12/turn              (no ring)

@: wreathed by umbra
A: small, mutation resistance 1
a: Renounce Religion


You were in an ossuary.
You worshipped Dithmenos.
Dithmenos was aware of your devotion.
You were not hungry.

You visited 1 branch of the dungeon, and saw 5 of its levels.
You also visited: Ossuary.

You collected 235 gold pieces.

Inventory:

Hand Weapons
 k - a +0 dagger (weapon)
Missiles
 p - 2 javelins
 u - 3 boomerangs (quivered)
Armour
 a - a +0 robe (worn)
 h - a +0 pair of gloves (worn)
 v - the +4 helmet "Wailatu" {Str+3 Dex+5, unknown}
   (You found it on level 4 of the Dungeon)

   It affects your strength (+3).
   It affects your dexterity (+5).
Jewellery
 m - an uncursed amulet of faith
 q - a ring of poison resistance (left hand)
 r - an amulet of reflection (around neck)
Scrolls
 f - 2 scrolls of blinking
 j - 3 scrolls of identify
 s - a scroll of enchant armour {unknown}
 w - a scroll of immolation {unknown}
 y - a scroll of remove curse
Potions
 b - 2 potions of brilliance {unknown}
 d - a potion of magic
 e - 2 potions of haste {unknown}
 g - 3 potions of curing {unknown}
 i - a potion of experience {unknown}
 l - a potion of flight {unknown}
 n - 2 potions of lignification {unknown}
 o - a potion of resistance
 t - a potion of mutation {unknown}
Comestibles
 c - 6 rations
 x - a chunk of flesh


   Skills:
 + Level 2.0 Fighting
 + Level 2.5 Short Blades
 + Level 3.6 Dodging
 + Level 4.0 Stealth
 + Level 2.7 Spellcasting
 + Level 1.5 Transmutations
 + Level 4.0 Poison Magic


You had 10 spell levels left.
You knew the following spells:

 Your Spells              Type           Power        Failure   Level  Hunger
a - Sting                 Tmut/Pois      ##..         7%          1    #......

Your spell library contained the following spells:

 Spells                   Type           Power        Failure   Level  Hunger
 Poisonous Vapours        Pois/Air       #.....       14%         2    ##.....
 Ignite Poison            Fire/Tmut/Pois #.......     28%         3    ###....
 Mephitic Cloud           Conj/Pois/Air  #.......     34%         3    ###....
 Olgreb's Toxic Radiance  Pois           ##......     36%         4    #####..


Dungeon Overview and Level Annotations

Branches:
Dungeon (5/15)            Ossuary (1/1)
 Temple: D:4-7

Altars:
Dithmenos
Gozag
Trog
Uskayaw

Shops:
D:4 (


Innate Abilities, Weirdness & Mutations

You are small and have problems with some larger weapons.
You are somewhat resistant to further mutation.


Message History

The killer bee zombie hits you. The mummy hits you.
The killer bee zombie barely misses you.
You barely miss the killer bee zombie.
The killer bee zombie is lightly damaged.
The killer bee zombie barely misses you.
You closely miss the killer bee zombie.
The killer bee zombie is lightly damaged.
The killer bee zombie completely misses you.
The killer bee zombie hits you. The mummy hits you.
* * * LOW HITPOINT WARNING * * *
You hit the killer bee zombie.
The killer bee zombie is lightly damaged.
The killer bee zombie hits you but does no damage.
The killer bee zombie hits you!
* * * LOW HITPOINT WARNING * * *
You miss the killer bee zombie.
The killer bee zombie is lightly damaged.
You block the killer bee zombie's attack.
The mummy hits you!
You die...

#+ +.
#.#####
+.#...#
#M@.∩.#
#.'Z#..∩#
###M#####
+. #. +.
#. '≈


You could see 2 mummies and a killer bee zombie.

Vanquished Creatures
  A gnoll sergeant (D:3)
  2 howler monkeys (D:4)
  An orc priest (D:3)
  3 orc wizards
  2 worker ants (D:4)
  3 adders
  3 oozes (D:2)
  3 worms
  3 dart slugs
  2 leopard geckos
  13 orcs
  16 bats
  4 giant cockroaches
  9 goblins
  9 hobgoblins
  4 jackals
  2 quokkas (D:3)
  2 ball pythons
  A ball python skeleton (D:4)
  3 frilled lizards
  9 kobolds
  9 rats
104 creatures vanquished.

Vanquished Creatures (others)
  2 withered plants (Ossuary)
2 creatures vanquished.

Grand Total: 106 creatures vanquished

Notes
Turn   | Place    | Note
-------+----------+-------------------------------------------
     0 | D:1      | Destapler the Halfling Venom Mage began the quest for the
                  | Orb.
     0 | D:1      | Reached XP level 1. HP: 11/11 MP: 3/3
   210 | D:1      | You fall into a shaft and drop 1 floor!
   279 | D:2      | Reached XP level 2. HP: 11/17 MP: 1/4
   392 | D:2      | Reached skill level 1 in Transmutations
   902 | D:2      | Reached XP level 3. HP: 21/21 MP: 2/5
  1672 | D:1      | Reached XP level 4. HP: 23/27 MP: 2/6
  2653 | D:2      | Found a bloodstained altar of Trog.
  3143 | D:3      | Noticed a gnoll sergeant
  3296 | D:3      | Reached skill level 1 in Short Blades
  3296 | D:3      | Reached XP level 5. HP: 32/32 MP: 5/8
  3310 | D:3      | Reached skill level 1 in Fighting
  3675 | D:3      | Found a hide-covered altar of Uskayaw.
  3677 | D:3      | Noticed a +0 hand axe
  3677 | D:3      | Noticed a -3 hand axe
  3734 | D:3      | Found an opulent altar of Gozag.
  4067 | D:3      | Reached XP level 6. HP: 22/38 MP: 6/9
  4761 | D:4      | Found a shadowy altar of Dithmenos.
  4776 | D:4      | Became a worshipper of Dithmenos the Shadowed
  4869 | D:4      | Found Venkiyn's Antique Weapon Emporium.
  5211 | D:4      | Got a faintly glowing helmet
  5275 | D:4      | Reached XP level 7. HP: 41/44 MP: 6/10
  5660 | D:4      | Reached * piety under Dithmenos
  5820 | D:5      | Entered Level 5 of the Dungeon
  5829 | D:5      | Found a sand-covered staircase.
  5838 | Ossuary  | Entered an ossuary
  5859 | Ossuary  | Slain by a mummy

Illustrated notes

Levels and vault maps discovered:
D:1:      minmay_arrival_open_corners, layout_basic, minivault_27
D:2:      layout_loops_corners, overflow_temple_1_default, chequers_jeans
D:3:      layout_loops_ring, lemuel_round_altar, dancing_weapons_uskayaw,
          minmay_quantized
D:4:      layout_basic, lemuel_round_altar, serial_shops, kennysheep_little_box,
          first_ration
D:5:      kb_forest_paths, layout_loops_ring, portal_sewer_entry_b,
          nicolae_ossuary_entry_ruins
Ossuary:  ossuary_zaba_flooded

Skill      XL: |  1  2  3  4  5  6  7 |
---------------+----------------------+-----
Transmutations | 1 |  1.5
Spellcasting   | 2 |  2.7
Stealth        | 3 4 |  4.0
Short Blades   | 1 2 |  2.5
Dodging        | 3 |  3.6
Fighting       | 1 2 |  2.0
Poison Magic   | 4 |  4.0

Action                   |  1- 3 |  4- 6 |  7- 9 || total
-------------------------+-------+-------+-------++-------
Melee: Unarmed           |    84 |       |       ||    84
       Dagger            |     3 |   135 |    28 ||   166
Throw: Boomerang         |       |     2 |     1 ||     3
 Cast: Sting             |    50 |    99 |    12 ||   161
  Use: Scroll            |       |     5 |       ||     5
 Stab: Sleeping          |     2 |     7 |       ||     9
  Eat: Chunk             |     4 |    13 |     2 ||    19
Armor: Robe              |    20 |    29 |     5 ||    54
Dodge: Dodged            |    86 |   130 |    30 ||   246
Block: Other             |       |    22 |     5 ||    27
       Reflection        |       |     1 |       ||     1
